Cogmind - Beta 12 @@@ ROGUE MODE // 2023.04.08 @ 20:48:52 Player: Mr Goldstein Result: Escaped! Performance ------------- Evolutions (9) 4500 Regions Visited (18) 3600 Robots Destroyed (57) 285 Value Destroyed (2005) 2005 Prototype IDs (29) 580 Alien Tech Used (0) 0 Bonus (5149) 5149 TOTAL SCORE: 16119 Bonus ------- Follower Combat Kills 141 Entered Garrisons 400 Used RIF Installer 1500 Aligned with FarCom 300 Win 3000 Friendly Fire -192 Cogmind --------- Core Integrity 98/1600 Matter 25/300 Energy 99/100 System Corruption 3% Temperature Cool (0) Movement Core (50) Location To Epsilon Eridani Parts ------- > --- POWER (2) -------- (None) > --- PROPULSION (10) -- (None) > --- UTILITY (11) ----- (None) > --- WEAPON (2) ------- (None) > --- INVENTORY (5) ---- Advanced Signal Interpreter Improved Hacking Suite Advanced Remote Datajack Peak State ------------ > --- POWER ------------ Light Antimatter Reactor Light Quantum Reactor > --- PROPULSION ------- Nuclear Pulse Array Impulse Thruster Advanced Surge Thruster Field Propulsion Array Field Propulsion Array Field Propulsion Array > --- UTILITY ---------- Improved Cooling System Advanced Signal Interpreter Advanced Terrain Scanner 0b10 Decoder Chip [Looter] Improved Medium Armor Plating Makeshift Hacking Suite Makeshift Hacking Suite Improved Hacking Suite Advanced Hacking Suite Advanced System Shield > --- WEAPON ----------- Lance Force Lance > --- INVENTORY -------- Neutrino Core Advanced Signal Interpreter Advanced Remote Datajack Makeshift Sword [Rating: 147] Favorites ----------- Power Improved Deuterium Engine Engine Improved Deuterium Engine Power Core Neutrino Core Reactor Light Antimatter Reactor Propulsion Armored Huge Wheel Wheel Armored Huge Wheel Flight Unit Field Propulsion Array Utility High-capacity Storage Unit Device Improved Heat Sink Storage High-capacity Storage Unit Processor 0b10 Decoder Chip [Looter] Hackware Makeshift Hacking Suite Protection Core Shielding Weapon Particle Gun Energy Gun Particle Gun Energy Cannon Plasma Cannon Ballistic Gun Assault Rifle Launcher Mini Grenade Launcher Special Weapon Remote Datajack Impact Weapon Great Maul Slashing Weapon Makeshift Sword Piercing Weapon Force Lance Build | -11 -10 -10 -10 -9 -8 -8 -7 -7 -6 -6 -6 -6 -5 -5 -4 -3 -2 -1 ------- Run | Jun Mat Min Exi Min Mat Gar Fac Gar Fac Low Low Zio Pro Fac Fac Res Res Acc Slots Evolved 18 | . . . . . 4 . 2 . 2 . . . . 2 2 2 2 2 Power 1 | . . . . . . . . . . . . . . 1 . . . . Propulsion 8 | . . . . . 2 . . . 1 . . . . . 1 2 1 1 Utility 9 | . . . . . 2 . 2 . 1 . . . . 1 1 . 1 1 Weapon . | . . . . . . . . . . . . . . . . . . . Parts Attached 155 | 6 8 2 . 2 18 20 5 14 16 4 4 7 2 6 21 6 7 7 Power 15 | 1 1 . . . 1 2 1 . . 1 1 . . 2 3 . 1 1 Engine 6 | 1 1 . . . 1 2 1 . . . . . . . . . . . Core 6 | . . . . . . . . . . 1 1 . . 2 1 . . 1 Reactor 3 | . . . . . . . . . . . . . . . 2 . 1 . Propulsion 31 | 2 1 . . . 4 2 . . 1 . 1 . . 2 11 1 1 5 Treads . | . . . . . . . . . . . . . . . . . . . Leg . | . . . . . . . . . . . . . . . . . . . Wheel 10 | 2 1 . . . 4 2 . . 1 . . . . . . . . . Hover . | . . . . . . . . . . . . . . . . . . . Flight 21 | . . . . . . . . . . . 1 . . 2 11 1 1 5 Utility 54 | 1 4 2 . . 4 8 1 5 8 . 2 5 2 2 3 3 4 . Device 31 | . 2 2 . . 3 7 1 3 6 . . 1 . 1 1 2 2 . Storage 3 | 1 2 . . . . . . . . . . . . . . . . . Processor 4 | . . . . . . . . . . . . 2 1 . 1 . . . Hackware 12 | . . . . . . . . 2 2 . 1 2 1 1 1 . 2 . Protection 4 | . . . . . 1 1 . . . . 1 . . . . 1 . . Artifact . | . . . . . . . . . . . . . . . . . . . Weapon 55 | 2 2 . . 2 9 8 3 9 7 3 . 2 . . 4 2 1 1 Energy Gun 16 | . 2 . . 1 6 2 . 1 2 2 . . . . . . . . Energy Cannon 11 | . . . . . . 3 2 4 2 . . . . . . . . . Ballistic Gun 2 | 2 . . . . . . . . . . . . . . . . . . Ballistic Cannon . | . . . . . . . . . . . . . . . . . . . Launcher 4 | . . . . 1 1 1 . . 1 . . . . . . . . . Special Weapon 6 | . . . . . . . 1 1 2 . . . . . 1 1 . . Impact Weapon 1 | . . . . . 1 . . . . . . . . . . . . . Slashing Weapon 12 | . . . . . 1 2 . 3 . 1 . 2 . . 2 . . 1 Piercing Weapon 3 | . . . . . . . . . . . . . . . 1 1 1 . Special Melee Weapon . | . . . . . . . . . . . . . . . . . . . Unidentified Prototypes 4 | . . 1 . . . . . . 2 . . 1 . . . . . . Parts Lost 35 | . . . . . . 11 . 2 . . 9 . . . . . . 13 Power 6 | . . . . . . 2 . . . . 1 . . . . . . 3 Propulsion 11 | . . . . . . 2 . . . . 3 . . . . . . 6 Utility 13 | . . . . . . 6 . 1 . . 4 . . . . . . 2 Weapon 5 | . . . . . . 1 . 1 . . 1 . . . . . . 2 Highest Loss Streak 12 | . . . . . . 6 . 2 . . 9 . . . . . . 12 To Critical Strikes . | . . . . . . . . . . . . . . . . . . . Average Slot Usage (%) 86 | . 96 100 100 100 90 79 75 82 86 85 80 33 57 84 84 79 80 74 Engine 6 | . 14 14 14 14 8 8 7 7 6 3 . . . . . . . . Core 1 | . . . . . . . . . . 2 5 . . 7 6 4 . . Reactor 1 | . . . . . . . . . . . . . . . 3 4 7 6 Wheel 16 | . 28 28 28 28 27 17 15 15 20 20 18 . . . . . . . Flight 4 | . . . . . . . . . . . . 6 6 16 15 19 19 22 Device 15 | . 9 14 14 14 22 21 22 22 19 20 18 . 6 7 5 5 8 7 Storage 7 | . 14 14 14 14 9 9 7 7 6 6 5 . . . . . . . Processor 2 | . . . . . . . . . . . . 9 15 17 14 9 8 7 Hackware 8 | . . . . . . . . 5 13 13 12 9 15 20 26 23 21 19 Protection 3 | . . . . . 4 5 7 7 6 6 5 . . . . 2 4 3 Energy Gun 11 | . 19 28 28 16 17 12 7 6 7 12 12 . . . . . . . Energy Cannon 1 | . . . . . . 3 6 5 4 . . . . . . . . . Slashing Weapon 1 | . . . . . . 1 . 1 . . . 7 13 11 8 4 . 1 Naked Turns 34 | . . . . . . . . . . . 1 . . . . . . 33 Heaviest Build 66 | 11 54 54 54 54 60 64 65 65 66 64 66 5 5 24 34 39 46 47 Greatest Support 72 | 26 32 32 32 32 60 56 56 56 72 72 72 5 5 31 43 58 62 70 Greatest Overweight (x) 2 | . 2 1 1 1 1 2 1 1 . . 2 . . . 1 . . . Average Overweight (x) . | . . 1 1 1 . 1 1 1 . . . . . . . . . . Largest Inventory Capacity 20 | 8 20 20 20 20 20 20 20 20 20 20 20 5 5 5 5 5 5 5 Average Capacity 15 | 7 15 20 20 20 20 20 20 20 20 20 19 5 5 5 5 5 5 5 Most Carried 20 | 4 20 20 20 20 20 20 20 20 20 20 20 5 5 5 5 4 5 5 Average Carried 14 | 1 13 19 20 19 18 17 19 19 19 19 19 5 5 4 4 3 4 3 Final Capacity 20 | 8 20 20 20 20 20 20 20 20 20 20 5 5 5 5 5 5 5 5 Final Carried 20 | 2 20 20 20 20 20 19 20 19 20 20 5 5 5 5 5 4 5 3 Class Distribution -------------------- 42% | Mutant 24% | Bothacker-Mutant 8% | Wizard-Scout 6% | Bothacker-Skirmisher 5% | Hacker-Sprinter 4% | Hacker-Scout 3% | Hacker-Mutant Dominant Class ---------------- Mutant | -10/Materials Mutant | -10/Mines Mutant | -10/Exiles Mutant | -9/Mines Mutant | -8/Materials Mutant | -8/Garrison Bothacker-Mutant | -7/Factory Bothacker-Mutant | -7/Garrison Bothacker-Skirmisher | -6/Factory Bothacker-Mutant | -6/Lower Caves Bothacker-Mutant | -6/Lower Caves Derelict-Mutant | -6/Zion Derelict-Mutant | -5/Proximity Caves Hacker-Sprinter | -5/Factory Hacker-Mutant | -4/Factory Hacker-Sprinter | -3/Research Hacker-Scout | -2/Research Wizard-Scout | -1/Access Resources | -11 -10 -10 -10 -9 -8 -8 -7 -7 -6 -6 -6 -6 -5 -5 -4 -3 -2 -1 ----------- Run | Jun Mat Min Exi Min Mat Gar Fac Gar Fac Low Low Zio Pro Fac Fac Res Res Acc Matter Collected 1449 | 220 124 20 . 20 151 219 20 175 130 105 25 . 18 27 195 . . . Remotely . | . . . . . . . . . . . . . . . . . . . Salvage Created 1808 | . 255 205 . 12 124 339 27 93 379 . 88 . . 27 195 . . 64 Parts 101 | . 15 12 . 4 14 12 3 3 19 . 3 . . 3 9 . . 4 Haulers Intercepted 3 | . 2 . . . . . . . 1 . . . . . . . . . Recyclers Shooed 4 | . . . . . . . . . 2 . . . . . 2 . . . Parts Field Recycled . | . . . . . . . . . . . . . . . . . . . Retrieved Matter . | . . . . . . . . . . . . . . . . . . . Parts Self-Destructed 7 | . . . . . . . . . . 2 5 . . . . . . . Prevented . | . . . . . . . . . . . . . . . . . . . Kills | -11 -10 -10 -10 -9 -8 -8 -7 -7 -6 -6 -6 -6 -5 -5 -4 -3 -2 -1 ------- Run | Jun Mat Min Exi Min Mat Gar Fac Gar Fac Low Low Zio Pro Fac Fac Res Res Acc Combat Hostiles Destroyed 40 | . 4 7 . 3 7 9 . 3 4 . 2 . . . . . . 1 Melee 1 | . . . . . . . . . . . . . . . . . . 1 Guns 23 | . 4 7 . . 4 5 . 1 . . 2 . . . . . . . Cannons 5 | . . . . . . 4 . 1 . . . . . . . . . . AOE 10 | . . . . 3 3 . . . 4 . . . . . . . . . Classes Destroyed 12 | . 3 1 . . 1 3 1 . 2 . . . . 1 . . . . Worker 5 | . 2 1 . . . . . . 1 . . . . . 1 . . . Tunneler 1 | . . . . . . . . . 1 . . . . . . . . . Hauler 3 | . 2 . . . . . . . 1 . . . . . . . . . Recycler 2 | . . . . . . . . . 1 . . . . . 1 . . . Operator 3 | . . . . . . . . . . . . . . 1 2 . . . Watcher 3 | . . . . . . . 1 . 2 . . . . . . . . . Swarmer 16 | . . 3 . 3 4 . . 1 4 . 1 . . . . . . . Grunt 16 | . 4 4 . . . 5 . 2 . . 1 . . . . . . . Duelist 1 | . . . . . . 1 . . . . . . . . . . . . Sentry 3 | . . . . . 3 . . . . . . . . . . . . . Hunter 2 | . . . . . . 2 . . . . . . . . . . . . Programmer 2 | . . . . . . 1 . . . . . . . . . . . 1 Best Kill Streak 4 | . 2 3 . 3 4 3 1 2 4 . 1 . . . 1 . . 1 Combat Bots Only 4 | . 2 3 . 3 4 3 . 2 4 . 1 . . . . . . 1 Max Kills in Single Turn 3 | . 1 1 . 3 3 1 1 1 2 . 1 . . 1 1 . . 1 Gunslinging . | . . . . . . . . . . . . . . . . . . . Exploded 3 | . . . . 3 3 . . . 2 . . . . . . . . . Melee 1 | . . . . . . . . . . . . . . . . . . 1 Uniques/NPCs Destroyed . | . . . . . . . . . . . . . . . . . . . Combat | -11 -10 -10 -10 -9 -8 -8 -7 -7 -6 -6 -6 -6 -5 -5 -4 -3 -2 -1 -------- Run | Jun Mat Min Exi Min Mat Gar Fac Gar Fac Low Low Zio Pro Fac Fac Res Res Acc Damage Taken 6627 | . 66 184 . 23 184 1331 . 276 99 59 1251 . 97 . . 50 299 2708 Core 2279 | . 12 17 . 18 19 143 . 14 10 15 420 . 37 . . 21 51 1502 Absorbed by Shields . | . . . . . . . . . . . . . . . . . . . Redirected to Shielding 11 | . . . . . . 3 . 3 2 3 . . . . . . . . Core Remaining (%) 79 | 100 . . . 81 . 70 . 98 . . . . 43 100 100 98 96 6 Volleys Fired 151 | . 17 21 . 2 14 37 3 21 21 4 10 . . . 1 . . . Largest 2 | . 2 2 . 1 2 2 2 2 2 2 2 . . . 1 . . . Hottest 145 | . 130 130 . 30 130 145 143 143 143 130 130 . . . 5 . . . Shots Fired 283 | . 33 42 . 2 26 72 4 39 36 8 20 . . . 1 . . . Gun 209 | . 33 42 . . 25 44 1 19 17 8 20 . . . . . . . Cannon 61 | . . . . . . 28 1 19 13 . . . . . . . . . Launcher 6 | . . . . 2 1 . . . 3 . . . . . . . . . Special 7 | . . . . . . . 2 1 3 . . . . . 1 . . . Kinetic 2 | . 2 . . . . . . . . . . . . . . . . . Thermal 268 | . 31 42 . . 25 72 2 38 30 8 20 . . . . . . . Explosive 6 | . . . . 2 1 . . . 3 . . . . . . . . . Electromagnetic . | . . . . . . . . . . . . . . . . . . . Robot Hit Streak 24 | . 13 14 . 2 15 24 5 6 16 2 11 . . . 12 . . . Robot Miss Streak 7 | . 2 7 . . 3 3 . 2 2 5 1 . . . . . . . Penetration Max . | . . . . . . . . . . . . . . . . . . . Secondary Targets 2 | . . 1 . . . 1 . . . . . . . . . . . . Max Gunslinging Chain 1 | . . 1 . . . 1 . . . . . . . . . . . . Shots Hit Robots 222 | . 26 21 . 1 21 54 4 24 24 3 18 . . 2 17 . . 7 Core Hits 128 | . 11 11 . 3 20 47 1 5 17 1 6 . . 1 3 . . 2 Critical Kills . | . . . . . . . . . . . . . . . . . . . Critical Parts Destroyed . | . . . . . . . . . . . . . . . . . . . Critical Strikes 8 | . 1 2 . . . 2 . 2 . . . . . . 1 . . . Burn 7 | . 1 2 . . . 2 . 2 . . . . . . . . . . Sever 1 | . . . . . . . . . . . . . . . 1 . . . Melee Attacks 139 | . . . . . 3 6 . 3 . . . . . 13 38 5 38 33 Impact . | . . . . . . . . . . . . . . . . . . . Slashing 70 | . . . . . 3 6 . 3 . . . . . 13 34 2 1 8 Piercing 69 | . . . . . . . . . . . . . . . 4 3 37 25 Sneak Attacks 8 | . . . . . . . . . . . . . . 2 6 . . . Combat Hostiles . | . . . . . . . . . . . . . . . . . . . Follow-up Attacks 8 | . . . . . . . . . . . . . . 1 6 . . 1 Damage Inflicted 5489 | . 382 329 . 140 564 1070 40 474 691 86 368 . . 172 918 . . 255 Guns 2618 | . 382 329 . . 351 655 16 219 212 86 368 . . . . . . . Cannons 950 | . . . . . . 415 24 255 256 . . . . . . . . . Explosions 576 | . . . . 140 213 . . . 223 . . . . . . . . . Melee 1345 | . . . . . . . . . . . . . . 172 918 . . 255 Ramming . | . . . . . . . . . . . . . . . . . . . Kinetic 19 | . 19 . . . . . . . . . . . . . . . . . Thermal 3549 | . 363 329 . . 351 1070 40 474 468 86 368 . . . . . . . Explosive 576 | . . . . 140 213 . . . 223 . . . . . . . . . Electromagnetic . | . . . . . . . . . . . . . . . . . . . Impact . | . . . . . . . . . . . . . . . . . . . Slashing 1071 | . . . . . . . . . . . . . . 172 864 . . 35 Piercing 274 | . . . . . . . . . . . . . . . 54 . . 220 Highest Corruption 3 | . . . . . . 1 . . . . . . . . . . . 3 Average Corruption 2 | . . . . . . 1 . . . . . . . . . . . 2 Corruption Purged . | . . . . . . . . . . . . . . . . . . . Corruption Blocked . | . . . . . . . . . . . . . . . . . . . Effects 5 | . . . . . . 1 . . . . . . . . . . . 4 Message Errors 1 | . . . . . . . . . . . . . . . . . . 1 Heat Flow Errors 1 | . . . . . . 1 . . . . . . . . . . . . Parts Rejected 1 | . . . . . . . . . . . . . . . . . . 1 Data Loss (minor) 2 | . . . . . . . . . . . . . . . . . . 2 Overload Shots . | . . . . . . . . . . . . . . . . . . . Overflow Damage 330 | . . . . . 20 . . . 7 . . . . 55 229 . . 19 Projectiles . | . . . . . . . . . . . . . . . . . . . Explosions 27 | . . . . . 20 . . . 7 . . . . . . . . . Melee 303 | . . . . . . . . . . . . . . 55 229 . . 19 Knockbacks . | . . . . . . . . . . . . . . . . . . . Impact . | . . . . . . . . . . . . . . . . . . . Kinetic . | . . . . . . . . . . . . . . . . . . . Secondary . | . . . . . . . . . . . . . . . . . . . Self-Inflicted Damage 21 | . . . . 15 6 . . . . . . . . . . . . . Shots 2 | . . . . 1 1 . . . . . . . . . . . . . Rammed . | . . . . . . . . . . . . . . . . . . . Targets Rammed . | . . . . . . . . . . . . . . . . . . . Kicked . | . . . . . . . . . . . . . . . . . . . Crushed . | . . . . . . . . . . . . . . . . . . . Highest Temperature 314 | . 229 240 . . 4 314 . 174 308 . 32 . . . . . 6 . Average Temperature 75 | . 73 101 . . 4 85 . 51 46 . 16 . . . . . 3 . Received Heat Transfer 1372 | . 36 39 . . 45 648 . 159 18 6 304 . 63 . . 9 27 18 Effects 7 | . 3 . . . . 1 . . 3 . . . . . . . . . Shutdowns 1 | . . . . . . 1 . . . . . . . . . . . . Interference 6 | . 3 . . . . . . . 3 . . . . . . . . . Siege Activations . | . . . . . . . . . . . . . . . . . . . Robots Corrupted . | . . . . . . . . . . . . . . . . . . . Combat Hostiles . | . . . . . . . . . . . . . . . . . . . Parts Fried . | . . . . . . . . . . . . . . . . . . . Impact Corruptions . | . . . . . . . . . . . . . . . . . . . Robots Melted 1 | . . . . . . . . 1 . . . . . . . . . . Combat Hostiles 1 | . . . . . . . . 1 . . . . . . . . . . Parts Melted 13 | . 1 1 . . . 5 1 3 2 . . . . . . . . . Heat Transferred 7569 | . 962 925 . . 600 1939 87 1129 957 174 796 . . . . . . . Parts Sabotaged . | . . . . . . . . . . . . . . . . . . . Parts Stolen . | . . . . . . . . . . . . . . . . . . . Parts Stripped . | . . . . . . . . . . . . . . . . . . . Power Chain Reactions . | . . . . . . . . . . . . . . . . . . . Missiles Intercepted . | . . . . . . . . . . . . . . . . . . . Alert | -11 -10 -10 -10 -9 -8 -8 -7 -7 -6 -6 -6 -6 -5 -5 -4 -3 -2 -1 ------- Run | Jun Mat Min Exi Min Mat Gar Fac Gar Fac Low Low Zio Pro Fac Fac Res Res Acc Peak Influence 311 | . 82 120 . 88 196 268 146 282 198 . . . . 74 130 16 311 255 Initial 147 | . . 31 . . 33 82 140 102 147 . . . . 22 . . 15 104 Average 96 | . 36 51 . 70 57 166 145 208 81 . . . . 29 52 6 140 116 Maximum Alert Level 1 | . . . . . . 1 . 1 . . . . . . . . 1 1 Low Security (%) 87 | 100 100 100 . 100 100 77 100 28 100 . . . . 100 100 100 83 93 Level 1 12 | . . . . . . 22 . 71 . . . . . . . . 16 6 Level 2 . | . . . . . . . . . . . . . . . . . . . Level 3 . | . . . . . . . . . . . . . . . . . . . Level 4 . | . . . . . . . . . . . . . . . . . . . Level 5 . | . . . . . . . . . . . . . . . . . . . High Security . | . . . . . . . . . . . . . . . . . . . Max Security . | . . . . . . . . . . . . . . . . . . . Squads Dispatched 20 | . 2 . . . 1 . . . 2 . . . . 1 4 . 3 7 Investigation 5 | . 1 . . . . . . . . . . . . 1 2 . . 1 Extermination 4 | . . . . . . . . . 1 . . . . . 1 . 1 1 Reinforcement 8 | . 1 . . . . . . . 1 . . . . . 1 . 2 3 Assault . | . . . . . . . . . . . . . . . . . . . Garrison 3 | . . . . . 1 . . . . . . . . . . . . 2 Intercept . | . . . . . . . . . . . . . . . . . . . Searches Triggered . | . . . . . . . . . . . . . . . . . . . Construction Impeded . | . . . . . . . . . . . . . . . . . . . Haulers Reinforced 1 | . . . . . . . . . 1 . . . . . . . . . Active Scanning Responses . | . . . . . . . . . . . . . . . . . . . Cargo Convoy Interrupts . | . . . . . . . . . . . . . . . . . . . Stealth | -11 -10 -10 -10 -9 -8 -8 -7 -7 -6 -6 -6 -6 -5 -5 -4 -3 -2 -1 --------- Run | Jun Mat Min Exi Min Mat Gar Fac Gar Fac Low Low Zio Pro Fac Fac Res Res Acc Distress Signals 7 | . . . . . . . . . . . . . . . 1 . 3 3 Communications Jammed . | . . . . . . . . . . . . . . . . . . . Distress Signals . | . . . . . . . . . . . . . . . . . . . Times Spotted 140 | . 5 8 . 2 8 9 1 8 11 4 13 . 4 3 6 1 22 35 Peak Tracking Total 20 | . 2 3 . 3 4 3 1 3 3 3 8 . 4 2 4 6 11 20 Tactical Retreats 20 | . . . . . . . . 1 . . 3 . 1 . . . 8 7 Traps | -11 -10 -10 -10 -9 -8 -8 -7 -7 -6 -6 -6 -6 -5 -5 -4 -3 -2 -1 ------- Run | Jun Mat Min Exi Min Mat Gar Fac Gar Fac Low Low Zio Pro Fac Fac Res Res Acc Traps Triggered 6 | . 1 . . . . 2 . 2 . . . . . . 1 . . . Indirectly . | . . . . . . . . . . . . . . . . . . . Trap Hack Attempts . | . . . . . . . . . . . . . . . . . . . Triggered . | . . . . . . . . . . . . . . . . . . . Disarmed . | . . . . . . . . . . . . . . . . . . . Reprogrammed . | . . . . . . . . . . . . . . . . . . . Reused . | . . . . . . . . . . . . . . . . . . . Traps Extracted . | . . . . . . . . . . . . . . . . . . . Installed . | . . . . . . . . . . . . . . . . . . . Triggered 2 | . . . . . . . . . . . 2 . . . . . . . Machines | -11 -10 -10 -10 -9 -8 -8 -7 -7 -6 -6 -6 -6 -5 -5 -4 -3 -2 -1 ---------- Run | Jun Mat Min Exi Min Mat Gar Fac Gar Fac Low Low Zio Pro Fac Fac Res Res Acc Machines Disabled 9 | . . 1 . . 2 2 . 2 1 . . . . 1 . . . . Max in Single Turn 1 | . . 1 . . 1 1 . 1 1 . . . . 1 . . . . Garrison Access 6 | . . . . . . . . . 1 . . . . 1 . . . 4 Garrison Relay 2 | . . . . . . 1 . 1 . . . . . . . . . . Machines Repaired . | . . . . . . . . . . . . . . . . . . . Machines Sabotaged . | . . . . . . . . . . . . . . . . . . . Overloaded Fab Kills . | . . . . . . . . . . . . . . . . . . . Hacking | -11 -10 -10 -10 -9 -8 -8 -7 -7 -6 -6 -6 -6 -5 -5 -4 -3 -2 -1 --------- Run | Jun Mat Min Exi Min Mat Gar Fac Gar Fac Low Low Zio Pro Fac Fac Res Res Acc Machines Accessed 47 | . 7 . 1 . 7 2 2 2 8 . . . . 3 4 . 3 8 Terminals 27 | . 5 . . . 5 2 . 2 3 . . . . 1 3 . 2 4 Fabricators 6 | . . . . . . . . . 4 . . . . 1 . . 1 . Repair Stations . | . . . . . . . . . . . . . . . . . . . Recycling Units 4 | . 2 . . . 1 . 1 . . . . . . . . . . . Scanalyzers . | . . . . . . . . . . . . . . . . . . . Garrison Access 9 | . . . . . 1 . 1 . 1 . . . . 1 1 . . 4 Total Hacks 96 | . 17 . 1 . 16 2 2 5 12 . . . . 7 9 . 13 12 Successful 51 | . 8 . 1 . 6 1 2 . 5 . . . . 6 5 . 8 9 Failed 45 | . 9 . . . 10 1 . 5 7 . . . . 1 4 . 5 3 Catastrophic 9 | . 1 . . . . . . 2 3 . . . . . . . . 3 Database Lockouts . | . . . . . . . . . . . . . . . . . . . Manual 44 | . 9 . 1 . 9 . 1 . 6 . . . . 3 6 . 5 4 Terminals 67 | . 14 . . . 13 2 . 5 4 . . . . 3 7 . 11 8 Fabricators 10 | . . . . . . . . . 6 . . . . 2 . . 2 . Repair Stations . | . . . . . . . . . . . . . . . . . . . Recycling Units 6 | . 3 . . . 2 . 1 . . . . . . . . . . . Scanalyzers . | . . . . . . . . . . . . . . . . . . . Garrison Access 12 | . . . . . 1 . 1 . 2 . . . . 2 2 . . 4 Terminal Hacks 23 | . 3 . 1 . 2 1 . . . . . . . 1 4 . 6 5 Record 3 | . . . . . . . . . . . . . . 1 . . 1 1 Robot Analysis 5 | . 1 . . . 1 . . . . . . . . . . . 2 1 Prototype ID Bank 1 | . 1 . . . . . . . . . . . . . . . . . Open Door 1 | . . . . . . . . . . . . . . . . . . 1 Level Access Points 2 | . . . . . . . . . . . . . . . 1 . 1 . Branch Access Points 1 | . . . . . . . . . . . . . . . . . . 1 Emergency Access Points 2 | . 1 . . . 1 . . . . . . . . . . . . . Terminal Index 1 | . . . . . . . . . . . . . . . 1 . . . Garrison Index 1 | . . . . . . . . . . . . . . . . . . 1 Locate Traps 1 | . . . . . . . . . . . . . . . . . 1 . Recall Extermination 1 | . . . . . . . . . . . . . . . 1 . . . Zone Layout 2 | . . . . . . . . . . . . . . . 1 . 1 . Garrison Registry 1 | . . . . . . 1 . . . . . . . . . . . . EX-Prototype ID Bank 1 | . . . 1 . . . . . . . . . . . . . . . Fabricator Hacks 2 | . . . . . . . . . . . . . . 1 . . 1 . Network Status 1 | . . . . . . . . . . . . . . 1 . . . . Build 1 | . . . . . . . . . . . . . . . . . 1 . Repair Station Hacks . | . . . . . . . . . . . . . . . . . . . Recycling Unit Hacks . | . . . . . . . . . . . . . . . . . . . Scanalyzer . | . . . . . . . . . . . . . . . . . . . Garrison Access Hacks 10 | . . . . . 1 . 1 . 2 . . . . 2 . . . 4 Unlock Access 2 | . . . . . 1 . 1 . . . . . . . . . . . Seal Access 6 | . . . . . . . . . 1 . . . . 1 . . . 4 Coupler Status 2 | . . . . . . . . . 1 . . . . 1 . . . . Unauthorized Hacks 16 | . 5 . . . 3 . 1 . 3 . . . . 2 1 . 1 . Terminals 6 | . 3 . . . 2 . . . . . . . . 1 . . . . Assimilate 1 | . . . . . . . . . . . . . . 1 . . . . Botnet 5 | . 3 . . . 2 . . . . . . . . . . . . . Fabricators 5 | . . . . . . . . . 3 . . . . 1 . . 1 . Liberate 5 | . . . . . . . . . 3 . . . . 1 . . 1 . Repair Stations . | . . . . . . . . . . . . . . . . . . . Recycling Units 4 | . 2 . . . 1 . 1 . . . . . . . . . . . Reject 2 | . 2 . . . . . . . . . . . . . . . . . Mask 2 | . . . . . 1 . 1 . . . . . . . . . . . Scanalyzers . | . . . . . . . . . . . . . . . . . . . Garrison Access 1 | . . . . . . . . . . . . . . . 1 . . . Reprogram 1 | . . . . . . . . . . . . . . . 1 . . . Data Cores Recovered 1 | . . . . . . . . . . . . . . . 1 . . . Used 1 | . . . . . . . . . . . . . . . 1 . . . Hacking Detections 34 | . 5 . . . 6 2 . 2 7 . . . . 3 4 . 1 4 Full Trace Events 3 | . . . . . . . . . . . . . . 1 1 . . 1 Feedback Events . | . . . . . . . . . . . . . . . . . . . Feedback Blocked . | . . . . . . . . . . . . . . . . . . . Robot Schematics Acquired . | . . . . . . . . . . . . . . . . . . . Robots Built 3 | . . . . . . . . . . . . . . . . . 3 . Authchips . | . . . . . . . . . . . . . . . . . . . Time 204 | . . . . . . . . . . . . . . . . . 204 . Total Robot Build Rating 24 | . . . . . . . . . . . . . . . . . 24 . Part Schematics Acquired . | . . . . . . . . . . . . . . . . . . . Parts Built . | . . . . . . . . . . . . . . . . . . . Authchips . | . . . . . . . . . . . . . . . . . . . Time . | . . . . . . . . . . . . . . . . . . . Total Part Build Rating . | . . . . . . . . . . . . . . . . . . . Parts Repaired . | . . . . . . . . . . . . . . . . . . . Time . | . . . . . . . . . . . . . . . . . . . Parts Recycled . | . . . . . . . . . . . . . . . . . . . Recycled Matter . | . . . . . . . . . . . . . . . . . . . Retrieved Matter . | . . . . . . . . . . . . . . . . . . . Retrieved Components . | . . . . . . . . . . . . . . . . . . . Parts Scanalyzed . | . . . . . . . . . . . . . . . . . . . Part Schematics Acquired . | . . . . . . . . . . . . . . . . . . . Parts Damaged . | . . . . . . . . . . . . . . . . . . . Bothacking | -11 -10 -10 -10 -9 -8 -8 -7 -7 -6 -6 -6 -6 -5 -5 -4 -3 -2 -1 ------------ Run | Jun Mat Min Exi Min Mat Gar Fac Gar Fac Low Low Zio Pro Fac Fac Res Res Acc Used RIF Installer 3 | . . . . . . 2 . 1 . . . . . . . . . . Threat Obfuscator 1 | . . . . . . 1 . . . . . . . . . . . . Patrol Navigation 1 | . . . . . . . . 1 . . . . . . . . . . Robots Hacked 4 | . . . . . . . 1 1 2 . . . . . . . . . Non-combat 2 | . . . . . . . 1 . 1 . . . . . . . . . Combat 2 | . . . . . . . . 1 1 . . . . . . . . . Robot Hacks Applied 6 | . . . . . . . 2 1 3 . . . . . . . . . no_distress 2 | . . . . . . . 1 . 1 . . . . . . . . . find_chute 1 | . . . . . . . 1 . . . . . . . . . . . find_station 1 | . . . . . . . . . 1 . . . . . . . . . formatsys_high 2 | . . . . . . . . 1 1 . . . . . . . . . Relay Couplers Released 11 | . . . . . . 7 . 4 . . . . . . . . . . Machine Destruction 7 | . . . . . . 3 . 4 . . . . . . . . . . Programmers 4 | . . . . . . 4 . . . . . . . . . . . . Attached 5 | . . . . . . . . 2 2 . 1 . . . . . . . Fabnet Peak Effective % . | . . . . . . . . . . . . . . . . . . . Robots Rewired 1 | . . . . . . . . . . . . . . . 1 . . . Allies Hacked . | . . . . . . . . . . . . . . . . . . . Hacks Repelled . | . . . . . . . . . . . . . . . . . . . Allies | -11 -10 -10 -10 -9 -8 -8 -7 -7 -6 -6 -6 -6 -5 -5 -4 -3 -2 -1 -------- Run | Jun Mat Min Exi Min Mat Gar Fac Gar Fac Low Low Zio Pro Fac Fac Res Res Acc Total Allies 9 | . . . . . . . . 1 1 . . . . 1 3 . 3 . Largest Group 3 | . . . . . . . . 1 1 1 1 . . 1 3 . 3 . Highest-Rated Group 161 | . . . . . . . . 32 32 32 32 . . 26 161 . 126 . Highest-Rated Ally 56 | . . . . . . . . 32 32 32 32 . . 26 56 . 42 . Total Orders 3 | . . . . . . . . 1 . . . . . 1 1 . . . STAY 2 | . . . . . . . . 1 . . . . . . 1 . . . RETURN 1 | . . . . . . . . . . . . . . 1 . . . . Ally Attacks 52 | . . . . . . . . 7 2 6 1 . . . 12 . 24 . Total Damage 1520 | . . . . . . . . 217 68 164 27 . . . 202 . 842 . Kills 11 | . . . . . . . . 4 . 2 . . . . 1 . 4 . Allies Corrupted . | . . . . . . . . . . . . . . . . . . . Allies Melted 2 | . . . . . . . . . . . . . . . . . 2 . Intel | -11 -10 -10 -10 -9 -8 -8 -7 -7 -6 -6 -6 -6 -5 -5 -4 -3 -2 -1 ------- Run | Jun Mat Min Exi Min Mat Gar Fac Gar Fac Low Low Zio Pro Fac Fac Res Res Acc Robot Analysis Total 5 | . 1 . . . 1 . . . . . . . . . . . 2 1 Derelict Logs Recovered 5 | . . 1 . 1 . . . . . 2 1 . . . . . . . Drone Launches 1 | . . . . . . . . . . . . . . 1 . . . . Drone Recoveries 1 | . . . . . . . . . . . . . . 1 . . . . Decoded 0b10 Intel 153 | . . . . . . . . . . . . . . 41 26 4 39 43 Items 153 | . . . . . . . . . . . . . . 41 26 4 39 43 Exploration | -11 -10 -10 -10 -9 -8 -8 -7 -7 -6 -6 -6 -6 -5 -5 -4 -3 -2 -1 ------------- Run | Jun Mat Min Exi Min Mat Gar Fac Gar Fac Low Low Zio Pro Fac Fac Res Res Acc Turns Passed 9805 | 62 789 1121 442 250 674 864 217 964 1156 329 369 63 79 612 407 55 550 802 Spaces Moved 9434 | 61 648 866 385 124 402 514 131 428 885 293 342 149 215 469 853 65 1108 1496 Core 33 | 19 . . . . . . . . . . 13 . . . . . . 1 Treads . | . . . . . . . . . . . . . . . . . . . Legs . | . . . . . . . . . . . . . . . . . . . Wheels 5014 | 42 648 866 385 124 402 514 131 428 885 293 296 . . . . . . . Hover . | . . . . . . . . . . . . . . . . . . . Flight 4387 | . . . . . . . . . . . 33 149 215 469 853 65 1108 1495 Fastest Speed 19 | 50 90 115 115 115 95 115 115 115 100 100 35 35 35 32 30 31 25 19 Average Speed 71 | 78 104 115 115 115 111 115 115 115 100 100 92 35 35 32 33 31 27 22 Slowest Speed 130 | 100 120 115 115 115 115 130 115 115 100 100 130 35 35 35 117 31 31 50 Overloaded Moves . | . . . . . . . . . . . . . . . . . . . Propulsion Burnouts . | . . . . . . . . . . . . . . . . . . . Robots Hopped 36 | . . . . . . . . . . . . . . 1 5 . 21 9 Cave-ins Triggered . | . . . . . . . . . . . . . . . . . . . Exploration Rate (%) 37 | 4 93 99 69 31 34 44 6 35 25 50 57 13 51 10 26 3 33 37 Regions Visited 18 Branch Regions 7 Pre-discovered Areas 1 | . . . . 1 . . . . . . . . . . . . . . Known Exits Taken 6 | . . . . . 1 . 1 . . . . . 1 . 1 1 1 . Unknown Exits Taken 10 | 1 1 1 1 1 . . . . 1 1 1 1 . 1 . . . . Scrap Searched 7 | . . 1 . 2 . . . . . 1 2 . 1 . . . . . Spaces Dug 75 | . . . . 13 8 . . . . . . . . 6 5 2 28 13 Terrain Destroyed 96 | . . . . 22 8 . . . 12 . . . . 6 5 2 28 13 Melee 56 | . . . . . 2 . . . . . . . . 6 5 2 28 13 Projectile . | . . . . . . . . . . . . . . . . . . . AOE 40 | . . . . 22 6 . . . 12 . . . . . . . . . Terrain Rammed . | . . . . . . . . . . . . . . . . . . . Walls Destroyed . | . . . . . . . . . . . . . . . . . . . Machines Disabled . | . . . . . . . . . . . . . . . . . . . Actions | -11 -10 -10 -10 -9 -8 -8 -7 -7 -6 -6 -6 -6 -5 -5 -4 -3 -2 -1 --------- Run | Jun Mat Min Exi Min Mat Gar Fac Gar Fac Low Low Zio Pro Fac Fac Res Res Acc Total 12020 | 74 730 950 384 229 603 700 193 856 1122 321 374 155 217 916 941 94 1268 1893 Wait 1988 | . 24 56 . 99 136 96 49 366 175 16 13 . 1 430 7 14 140 366 Move 9344 | 60 647 865 384 123 401 512 131 426 884 292 341 148 214 466 843 64 1066 1477 Hop 34 | . . . . . . . . . . . . . . 1 4 . 20 9 Pick Up 122 | 8 25 3 . 1 14 12 3 6 14 1 3 . . 2 18 4 3 5 Fast Attach 28 | . 2 . . 1 2 . . . . 3 2 7 2 4 3 . 2 . Attach 65 | 6 1 1 . . 6 12 1 5 4 . 2 . . 2 14 3 1 7 Detach 3 | . . . . . 1 1 . . . . . . . 1 . . . . Swap 62 | . 5 1 . 1 10 8 4 9 12 1 . . . . 4 3 4 . Drop 80 | . 9 3 . 2 16 . 2 4 12 4 3 . . 1 19 3 2 . Fire 151 | . 17 21 . 2 14 37 3 21 21 4 10 . . . 1 . . . Melee 111 | . . . . . 3 6 . 3 . . . . . 9 28 3 30 29 Ram . | . . . . . . . . . . . . . . . . . . . Kick . | . . . . . . . . . . . . . . . . . . . Crush . | . . . . . . . . . . . . . . . . . . . Escape Stasis 32 | . . . . . . 16 . 16 . . . . . . . . . . Rewire . | . . . . . . . . . . . . . . . . . . . Trap . | . . . . . . . . . . . . . . . . . . . Miscellaneous . | . . . . . . . . . . . . . . . . . . . Route ------- -11/Junkyard -10/Materials (discovered 4 exits: [*Mat x3] / [*Min]) -10/Mines (discovered 3 exits: [*Mat x2] / *Exi) -10/Exiles -9/Mines -8/Materials (discovered 2 exits: *Fac / Gar) -8/Garrison (discovered 3 exits: *Fac x3) -7/Factory -7/Garrison -6/Factory (discovered 2 exits: [*Low] / [*Ext]) -6/Lower Caves -6/Lower Caves (discovered 2 exits: Fac / [*Zio]) -6/Zion -5/Proximity Caves -5/Factory (discovered 2 exits: *Fac / Upp) -4/Factory (discovered 5 exits: *Res x4 / *Upp) -3/Research -2/Research (discovered 4 exits: *Acc x3 / [*Tes]) -1/Access (discovered 2 exits: *Sur / Com) To Epsilon Eridani History --------- Turn | Location | Event 19 | -11/Junkyard | Discovered new exit (range 16) 63 | -11/Junkyard | Entered Materials 330 | -10/Materials | Build established: Mutant 351 | -10/Materials | Discovered new exit (range 8) 597 | -10/Materials | Discovered new exit (range 16) 734 | -10/Materials | Discovered new exit (range 11) 817 | -10/Materials | Discovered new exit (range 15) 852 | -10/Materials | Entered Mines 871 | -10/Mines | Met a Derelict bent on vengeance 897 | -10/Mines | Found a hidden stash of uninstalled traps 1153 | -10/Mines | Joined a pair of Derelicts in attacking an 0b10 outpost 1469 | -10/Mines | Found a damaged Exp. Sensor Array with a note attached 1473 | -10/Mines | Found Prototype Device 1474 | -10/Mines | Identified Exp. Sensor Array 1477 | -10/Mines | Discovered new exit (range 5) 1493 | -10/Mines | Learned Materials terminal intel 1511 | -10/Mines | Discovered new exit (range 5) 1964 | -10/Mines | Deemed a non-threat by the Exiles lab entrance 1967 | -10/Mines | Discovered new exit (range 5) 1973 | -10/Mines | Entered Exiles 2002 | -10/Exiles | Met 8R-AWN 2021 | -10/Exiles | Met EX-HEX 2054 | -10/Exiles | Met EX-BIN 2068 | -10/Exiles | Aligned with FarCom system 2069 | -10/Exiles | Given EX-Vault access code 2097 | -10/Exiles | Opened EX-Vault 2128 | -10/Exiles | Warned to stay clear of 0b10 Research branches 2206 | -10/Exiles | Met EX-DEC 2402 | -10/Exiles | Discovered new exit (range 10) 2415 | -10/Exiles | Entered Mines 2427 | -9/Mines | A weapon hastily lodged in a ceiling crevice suddenly fell to the ground 2443 | -9/Mines | Learned location of Zion (-6) 2516 | -9/Mines | Discovered new exit (range 8) 2665 | -9/Mines | Entered Materials 2665 | -8/Materials | Evolved 4 slots: Propulsion x2, Utility x2 2666 | -8/Materials | Loaded intel: 12 terminal locations 3166 | -8/Materials | Discovered new exit (range 4) 3255 | -8/Materials | Garrison activated, responded to threat 3337 | -8/Materials | Identified exit to Garrison 3339 | -8/Materials | Entered Garrison 3359 | -8/Garrison | Discovered new exit (range 87) 3359 | -8/Garrison | Discovered new exit (range 62) 3359 | -8/Garrison | Discovered new exit (range 63) 3387 | -8/Garrison | Triggered checkpoint 3639 | -8/Garrison | Installed Relay Interface Framework 3662 | -8/Garrison | Triggered checkpoint 3791 | -8/Garrison | Triggered checkpoint 3906 | -8/Garrison | Lost 6 parts (1p4u1w) 4013 | -8/Garrison | Lost 3 parts (1p2n) 4081 | -8/Garrison | Expanded RIF knowledge: Threat Obfuscation 4157 | -8/Garrison | Garrison Relay disabled 4203 | -8/Garrison | Entered Factory 4203 | -7/Factory | Evolved 2 slots: Utility x2 4420 | -7/Factory | Identified exit to Garrison 4420 | -7/Factory | Entered Garrison 4435 | -7/Garrison | Build established: Bothacker-Mutant 4440 | -7/Garrison | Expanded RIF knowledge: Patrol Navigation 4636 | -7/Garrison | Triggered checkpoint 4697 | -7/Garrison | Garrison Relay disabled 4959 | -7/Garrison | Triggered checkpoint 5289 | -7/Garrison | Discovered new exit (range 10) 5384 | -7/Garrison | Entered Factory 5384 | -6/Factory | Evolved 2 slots: Propulsion x1, Utility x1 5938 | -6/Factory | Discovered new exit (range 10) 6078 | -6/Factory | Build established: Bothacker-Skirmisher 6525 | -6/Factory | Discovered new exit (range 5) 6540 | -6/Factory | Entered Lower Caves 6540 | -6/Lower Caves | Accompanied by 1 ally 6602 | -6/Lower Caves | Encountered a Warlord checkpoint 6816 | -6/Lower Caves | Discovered new exit (range 9) 6833 | -6/Lower Caves | Build established: Bothacker-Mutant 6844 | -6/Lower Caves | Learned location of 1 exit from Proximity Caves 6869 | -6/Lower Caves | Entered another Lower Caves area 6869 | -6/Lower Caves | Accompanied by 1 ally 6973 | -6/Lower Caves | Learned Factory interactive machine intel 6994 | -6/Lower Caves | Discovered new exit (range 8) 7177 | -6/Lower Caves | Spotted B-75 Beast 7216 | -6/Lower Caves | Released all parts (6) 7227 | -6/Lower Caves | Core integrity fell below 50% 7234 | -6/Lower Caves | Discovered new exit (range 10) 7238 | -6/Lower Caves | Entered Zion 7255 | -6/Zion | Lost 9 parts (1p3n4u1w) 7293 | -6/Zion | Discovered new exit (range 15) 7297 | -6/Zion | Given the Hacking Drone Bay 7297 | -6/Zion | Found Prototype Device 7297 | -6/Zion | Identified Hacking Drone Bay 7301 | -6/Zion | Entered Proximity Caves 7302 | -5/Proximity Caves | Identified exit to Factory 7380 | -5/Proximity Caves | Entered Factory 7380 | -5/Factory | Evolved 2 slots: Power x1, Utility x1 7381 | -5/Factory | Identified exit to Upper Caves 7382 | -5/Factory | Loaded intel: 52 interactive machine locations 7541 | -5/Factory | Spotted B-75 Beast 7657 | -5/Factory | Discovered new exit (range 15) 7908 | -5/Factory | Build established: Hacker-Sprinter 7992 | -5/Factory | Entered another Factory area 7992 | -4/Factory | Evolved 2 slots: Propulsion x1, Utility x1 8019 | -4/Factory | Spotted B-86 Titan 8218 | -4/Factory | Discovered new exit (range 15) 8224 | -4/Factory | Identified exit to Upper Caves 8350 | -4/Factory | Build established: Hacker-Mutant 8374 | -4/Factory | Identified exit to Research 8399 | -4/Factory | Entered Research 8399 | -3/Research | Evolved 2 slots: Propulsion x2 8426 | -3/Research | Discovered new exit (range 16) 8454 | -3/Research | Identified exit to Research 8454 | -3/Research | Entered another Research area 8454 | -2/Research | Evolved 2 slots: Propulsion x1, Utility x1 8494 | -2/Research | Spotted B-90 Cyclops 8693 | -2/Research | Identified exit to Access 8708 | -2/Research | Fabricated B-74 Champion? 8746 | -2/Research | Build established: Hacker-Scout 8920 | -2/Research | Discovered new exit (range 13) 9004 | -2/Research | Entered Access 9004 | -1/Access | Evolved 2 slots: Propulsion x1, Utility x1 9196 | -1/Access | Build established: Wizard-Scout 9364 | -1/Access | Spotted B-99 Colossus 9488 | -1/Access | Identified exit to Command 9578 | -1/Access | Garrison activated, responded to threat 9595 | -1/Access | Spotted B-99 Colossus 9769 | -1/Access | Discovered new exit (range 5) 9771 | -1/Access | Identified exit to Surface 9773 | -1/Access | Released all parts (11) 9793 | -1/Access | Core integrity fell below 50% 9803 | -1/Access | Lost 12 parts (2p6n2u2w) 9804 | -1/Access | Core integrity fell below 20% 9806 | *** | Escaped! Last Messages --------------- 09781_ K-01 Serf collects debris. 09785_ System corrupted: Component data lost. 09788_ K-01 Serf collects debris. 09791_ Slug penetrates Terminal. 09791_ K-01 Serf collects debris. 09794_ Slug penetrates Terminal. 09795_ K-01 Serf collects debris. 09795_ Drone sends a signal. 09799_ Slug penetrates Terminal. 09799_ K-01 Serf collects debris. 09799_ Penetrated by Slug. 09800_ Terminal collapses. 09800_ Terminal disabled. 09802_ Penetrated by Slug. 09802_ K-01 Serf collects debris. 09802_ Penetrated by Slug. 09802_ Slug penetrates Sealed Heavy Doors. 09805_ Penetrated by Slug. 09805_ S-43 Plague destroyed. 09805_ Penetrated by Slug. Map ----- +----------------------------------------------------+ | #######/#######???????????????????????????????? | | # #???????????????????????????????? | | # ! #???????????????????????????????? | | # " #???????????????????????????????? | | # """" #???????????????????????????????? | | # """"" #???????????????????????????????? | | # """"" #???????????????????????????????? | | # """" #???????????????????????????????? | | # " #???????????????????????????????? | | # #????? ?????????????????????????? | | # #???????????????????????????????? | | # ! #???????????????????????????????? | | ############"##???????????????????????????????? | | ! ###?????? ###????????????????????????????????? | | # *?? #??????BB????BB????????????????????? | | # ? " ##?????BB????BB????????????????????? | | ### # """ ???????????????????????????????????? | | ??# / """ ???????????????????????????????????? | | ??# # " #?????"????????????????????????????? | | ??# #? #??????????????????????????????????? | | ?#! #?? ? #????#""""""""""#??????????????????? | | ?#%=#?????? #????# #??????????????????? | | =#= #????????#????# #??????????????????? | | ? # #?????????????# #??????????????????? | | ??" #?????????????# "" #??????????????????? | | ??# #?????????????# =@ #??????????????????? | | ??# #???######????# === #??????????????????? | | ### ##### #????# ! #??????????????????? | | T" #????# #??????????????????? | | h "" #???## ##?????????????????? | | ###"###### #???# #?????????????????? | | ? ?????## ##???##"" ##?????????????????? | | ??????# #?????#"" #??????????????????? | | ??????# #?????#"" #??????????????????? | | ??????# #?????#T*sk #??????????????????? | | = ??????# #?????#""%= #??????????????????? | | ??????# #?????#""*hsh #??????????????????? | | #####+##### #######"%h[= #??????????????????? | | ???# hw ???????????? | | ???# w w ???????????? | | ???# #####+#######################+#????????????? | | ?????????????????????????????????????????????????? | | ?????????????????????????????????????????????????? | | ?????????????????????????????????????????????????? | | ?????????????????????????????????????????????????? | | ?????????????????????????????????????????????????? | | ?????????????????????????????????????????????????? | | ?????????????????????????????????????????????????? | | ?????????????????????????????????????????????????? | | ?????????????????????????????????????????????????? | +----------------------------------------------------+ Best States ------------- Heat Dissipation 79 Energy Generation 41 Energy Capacity 405 Matter Stores 300 Matter Capacity 300 Sight Range 16 Terrain Scan Range 20 Terrain Scan Density 135 Armor Coverage 225 Core Shielding 20 Evasion (%) 65 Salvage Targeting 4 Offensive Hacking 48 Defensive Hacking 14 Relay Coupler Types 3 Relay Coupler Value 65 Item Schematics ----------------- None Robot Schematics ------------------ None Fabricated ------------ B-74 Champion | x3 | -2/Research | Preloaded Alien Tech Used ----------------- None Achievements -------------- Assimilation Complete Decoder Ring Challenges ------------ None Game ------ Seed BladePrecisionFacilitator Manual? 0 Play Time 02:20:08 Cumulative 86.8 hours Start 2023.04.08 @ 16:22:16 End 2023.04.08 @ 20:48:52 Sessions 3 Manual Loads 0 Difficulty Rogue Special Mode None Game No. 105 Rogue 105 Adventurer 0 Explorer 0 Win Type 0 Total 2 Types 2/0/0/0/0/0/0/0/0 Lore% 52 Gallery% 52 Achievement% 44 Wizard Run 0 Options --------- ASCII 0 Keyboard 0 Movement Arrows Keybinds 0 Fullscreen 1 Font 12/Smallcaps Map View 83x54 Tactical HUD 1 Map Filters NONE Filters NONE Steam 1 RUN: 95da383a-06a4-4df7-87ca-01ec9fc7e679